 Dungeon Crawl Stone Soup version 0.31-a0-441-g867994ef1c (webtiles) character file.

Game seed: 14860820362574700447

1839 lunkers the Martial Artist (level 9, -3/64 HPs)
             Began as a Meteoran Shapeshifter on Aug 2, 2023.
             Slain by a hornet (8 damage)
             ... on level 7 of the Dungeon.
             The game lasted 00:05:36 (2646 turns).

lunkers the Martial Artist (Meteoran Shapeshifter)  Turns: 2646, Time: 00:05:37

Health: -3/64      AC:  5    Str: 18    XL:     9   Next: 59%
Magic:  10/10      EV: 11    Int: 10    God:
Gold:   498        SH:  0    Dex: 18    Spells: 8/8 levels left

rFire   . .          .
                       - Unarmed
rCold   . . .        (no shield)
rNeg    . . .        m - +0 ring mail
rPois   .            (helmet currently unavailable)
rElec   .            (cloak currently unavailable)
rCorr   .            (gloves currently unavailable)
SInv    .            (boots currently unavailable)
Will    +....        (no amulet)
Stlth   +            (no ring)
HPRegen 0.30/turn    (no ring)
MPRegen 0.12/turn

%: no passive effects
@: lethally poisoned (-3 -> -7), beast-form, slowed, glowing, very slow
A: beast (slay +5), sense surroundings 2, otherworldly, glowing, explore regen
a: Begin Untransformation


You were on level 7 of the Dungeon.
You were a hulking beast.
You visited 1 branch of the dungeon, and saw 7 of its levels.
You also visited: Ossuary.

You collected 498 gold pieces.

Inventory:

Missiles
 j - a throwing net
Armour
 d - a +1 helmet
 m - a +0 ring mail (worn)
Talismans
 c - a beast talisman (active)
Wands
 a - a wand of paralysis (9)
Scrolls
 g - 2 scrolls of teleportation
 o - a scroll of blinking
Potions
 b - 3 potions of haste
 e - 3 potions of enlightenment
 f - a potion of might
 h - a potion of ambrosia {unknown}
 i - 2 potions of magic
 k - 2 potions of mutation {unknown}
 l - 3 potions of curing
 n - 2 potions of attraction {unknown}
 p - a potion of brilliance {unknown}
 s - a potion of heal wounds {unknown}
 t - 2 potions of lignification


   Skills:
 - Level 1.1 Fighting
 - Level 2.4 Dodging
 * Level 11.7 Unarmed Combat
 + Level 7.6 Shapeshifting


You had 8 spell levels left.
You didn't know any spells.
Your spell library contained the following spells:

 Spells                   Type           Power      Damage    Failure   Level
 Freeze                   Ice            0%         1d3       56%         1
 Frozen Ramparts          Ice            0%         1d1       90%         3
 Hailstorm                Conj/Ice       0%         3d3       90%         3


Dungeon Overview and Level Annotations

Branches:
Dungeon (7/15) Zot: 1783  Ossuary (visited)
 Temple: D:4-7

Altars:
Elyvilon
Zin
The Shining One

Shops:
D:4 **


Innate Abilities, Weirdness & Mutations

You are a hulking beast.
Your limbs bulge with bestial killing power. (Slay +5)
You passively map the area around you.
You are easily found by Zot.
You glow in the dark.
You regain HP and MP as you explore.


Message History

HP restored.
Found a short sword.
Key pressed, stopping explore.
No target in view!
No target in view!
You now have 498 gold pieces (gained 10).
A hornet comes into view.
The hornet buzzes angrily.
You punch the hornet!
The hornet is moderately wounded.
The hornet stings you!
You feel yourself slow down. The hornet stings you.
You feel as though you will be slow longer.
You miss the hornet.
The hornet is moderately wounded.
The hornet barely misses you.
You miss the hornet.
The hornet is moderately wounded.
The hornet stings you.
You suddenly lose the ability to move!
The hornet stings you but does no damage.
The hornet stings you!
* * * LOW HITPOINT WARNING * * *
You are poisoned.
You shrug off the repeated paralysis!
The hornet stings you.
* * * LOW HITPOINT WARNING * * *
You feel as though you will be slow longer.
You feel very sick. The hornet stings you.
* * * LOW HITPOINT WARNING * * *
You feel as though you will be slow longer.
You can move again.
Unknown command.
Unknown command.
Unknown command.
You hit the hornet.
The hornet is moderately wounded.
You feel sick. The hornet stings you!
* * * LOW HITPOINT WARNING * * *
You feel as though you will be slow longer.
The hornet stings you!
You die...

.........## #.#
##........# #.#
#........###
#.#
#..........##
#.#
#...##......##
#.#
#..#####.....##
#.# ...#
##.....###.#
...#
#......#..#
..##
#......h..#
*#.....y...# ,
*#...........#
,
#...........##
, #.......#####
#......##
#.....# #)...#
* #....


You could see a hornet.

Vanquished Creatures
  Grinder (D:3)
  Eustachio (D:6)
  A water moccasin (D:5)
  A black bear (D:5)
  An orc warrior (D:7)
  A sky beast (D:6)
  3 ogres
  A phantom (D:7)
  A kobold brigand (D:6)
  Blork the orc (D:5)
  A bullfrog (D:7)
  2 scorpions
  A hound (D:3)
  A jelly (D:4)
  An orc priest (D:3)
  A gnoll bouda (D:4)
  2 iguanas
  3 orc wizards
  8 mummies (Ossuary)
  3 adders
  A shadow imp (D:4)
  2 ufetubi
  A worm (D:2)
  9 orcs
  4 ball pythons
  3 bats
  2 endoplasms (D:1)
  6 giant cockroaches
  A gnoll zombie (Ossuary)
  5 goblins
  7 hobgoblins
  A quokka (D:1)
  3 frilled lizards
  2 hobgoblin zombies (Ossuary)
  18 kobolds
  3 kobold zombies (Ossuary)
  2 orc zombies (Ossuary)
  7 rats
112 creatures vanquished.

Notes
Turn   | Place    | Note
-------+----------+-------------------------------------------
     0 | D:1      | lunkers the Meteoran Shapeshifter began the quest for the
                  | Orb.
     0 | D:1      | Reached XP level 1. HP: 16/16 MP: 2/2
    92 | D:1      | Reached XP level 2. HP: 18/23 MP: 3/3
    93 | D:1      | Reached skill level 4 in Unarmed Combat
   159 | D:1      | Reached XP level 3. HP: 21/28 MP: 4/4
   706 | D:3      | Reached skill level 5 in Unarmed Combat
   706 | D:3      | Reached XP level 4. HP: 27/35 MP: 5/5
   783 | D:3      | Reached XP level 5. HP: 17/40 MP: 6/6
   817 | D:3      | Identified the +4 spear of Classification {heavy, *Slow rC+
                  | Int+4 Dex-2}
  1038 | D:3      | Noticed Grinder
  1046 | D:3      | Killed Grinder
  1047 | D:3      | Reached skill level 7 in Unarmed Combat
  1047 | D:3      | Reached skill level 5 in Shapeshifting
  1047 | D:3      | Reached XP level 6. HP: 42/47 MP: 7/7
  1084 | D:3      | Reached XP level 7. HP: 36/52 MP: 8/8
  1138 | D:4      | Found Suabb's Superlative Supplies.
  1239 | D:4      | Found Gimenlir's General Store.
  1480 | D:5      | Entered Level 5 of the Dungeon
  1500 | D:5      | Noticed a water moccasin
  1507 | D:5      | Reached skill level 8 in Unarmed Combat
  1515 | D:5      | Killed a water moccasin
  1516 | D:5      | Reached XP level 8. HP: 20/59 MP: 9/9
  1580 | D:5      | Reached skill level 9 in Unarmed Combat
  1650 | D:5      | Found a sand-covered staircase.
  1654 | Ossuary  | Entered an ossuary
  1898 | D:5      | Found a white marble altar of Elyvilon.
  1898 | D:5      | Found a glowing golden altar of the Shining One.
  1898 | D:5      | Found a glowing silver altar of Zin.
  1939 | D:5      | Noticed Blork the orc
  1947 | D:5      | Killed Blork the orc
  1977 | D:5      | Reached skill level 10 in Unarmed Combat
  2074 | D:6      | Gained mutation: You passively map the area around you.
                  | [Meteoran growth]
  2074 | D:6      | Reached XP level 9. HP: 50/64 MP: 10/10
  2276 | D:6      | Noticed Eustachio
  2295 | D:6      | Killed Eustachio
  2296 | D:6      | Reached skill level 11 in Unarmed Combat
  2638 | D:7      | Noticed a hornet
  2643 | D:7      | Paralysed by a hornet for 3 turns
  2646 | D:7      | Slain by a hornet

Illustrated notes

Levels and vault maps discovered:
D:1:      nzn_arrival_settlement, layout_rooms,
          shapermc_ecumenical_altar_totnotflames, chequers_mini_garden,
          grunt_decor_mini_mirrors
D:2:      minmay_spotlight, layout_rooms
D:3:      layout_loops_ring, uniq_grinder
D:4:      minmay_bubble_buster, layout_gridville, serial_shops,
          nicolae_shop_rolling_square, nicolae_alphabet_shops
D:5:      layout_basic, good_gods_mini_temple, minmay_temple_entry_antechambers,
          enter_ossuary_5, uniq_blork_the_orc
D:6:      layout_loops_cross, uniq_eustachio
D:7:      layout_layer_cave, kennysheep_mini, nicolae_lava_and_water

Skill      XL: |  1  2  3  4  5  6  7  8  9 |
---------------+----------------------------+-----
Unarmed Combat | 4 5 7 8 10 11 | 11.7
Shapeshifting  | 4 5 6 7 |  7.6
Fighting       | |  1.1
Dodging        | |  2.4

Action                     |  1- 3 |  4- 6 |  7- 9 || total
---------------------------+-------+-------+-------++-------
  Melee: Unarmed           |    66 |    45 |   179 ||   290
         Punch             |     4 |       |    10 ||    14
    Use: Scroll            |     5 |     2 |     8 ||    15
         Potion            |       |     2 |     2 ||     4
 Armour: Animal skin       |    17 |       |       ||    17
         Ring mail         |    11 |    13 |    60 ||    84
         Skin              |       |     2 |     6 ||     8
  Dodge: Dodged            |    38 |    15 |    75 ||   128

Table legend: (Time is in decaauts)
 A = Elapsed time spent in this place.
 B = Non-inter-level travel time spent in this place.
 C = Inter-level travel time spent in this place.
 D = Time resting spent in this place.
 E = Time spent auto-exploring this place.
 F = Levels seen in this place.
 G = Mean time per level.
                   A        B        C        D        E       F      G
               +--------+--------+--------+--------+--------+-----+--------+
         Total |   2625 |   2558 |     67 |     23 |   1726 |   8 |  328.1 |
       Dungeon |   2415 |   2348 |     67 |     23 |   1622 |   7 |  345.0 |
       Ossuary |    210 |    210 |      0 |      0 |    104 |   1 |  210.0 |
               +--------+--------+--------+--------+--------+-----+--------+

Top non-repeatable levels by time:
     D:3: 569 daAuts
     D:6: 442 daAuts
     D:4: 380 daAuts
     D:5: 373 daAuts
     D:1: 267 daAuts
     D:2: 257 daAuts
 Ossuary: 210 daAuts
     D:7: 125 daAuts
